 Dungeon Crawl Stone Soup version 0.30-a0-857-gcaf70739d4 (webtiles) character file.

Game seed: 456298557488053672

73 Adrian566 the Slasher (level 4, -1/33 HPs)
             Began as a Demonspawn Gladiator on Feb 4, 2023.
             Slain by an iron imp (8 damage)
             ... summoned by Natasha
             ... on level 3 of the Dungeon on Mar 5, 2023.
             The game lasted 00:03:10 (2049 turns).

Adrian566 the Slasher (Demonspawn Gladiator)        Turns: 2049, Time: 00:03:10

Health: -1/33      AC:  4    Str: 14    XL:     4   Next: 8%
Magic:  4/4        EV: 12    Int: 10    God:
Gold:   144        SH:  4    Dex: 16    Spells: 3/3 levels left

rFire   . . .      SeeInvis .    a - +0 long sword
rCold   . . .      Faith    .    (no shield)
rNeg    . . .      Spirit   .    b - +0 leather armour
rPois   .          Reflect  .    (helmet restricted)
rElec   .          Rampage  .    (no cloak)
rCorr   .                        r - +0 pair of gloves
Will    .....                    (no boots) Stlth
                                 (no amulet)
HPRegen 0.25/turn                (no ring)
MPRegen 0.09/turn                (no ring)

@: silenced
A: antennae 1, large bone plates 1, demonic magic 1
a: no special abilities


You were on level 3 of the Dungeon.
You visited 1 branch of the dungeon, and saw 3 of its levels.

You collected 164 gold pieces.
You spent 20 gold pieces at shops.

Inventory:

Hand Weapons
 a - a +0 long sword (weapon)
Missiles
 d - 3 throwing nets (quivered)
 e - a javelin
Armour
 b - a +0 leather armour (worn)
 c - a +0 helmet
 r - a +0 pair of gloves (worn)
Jewellery
 h - a ring of magical power
 l - a ring of resist corrosion
 q - a ring of magical power
Scrolls
 f - a scroll of teleportation
 g - a scroll of silence
 m - 2 scrolls of blinking
 n - a scroll of identify
 p - 2 scrolls of poison
 s - a scroll of enchant weapon
 t - a scroll of amnesia {unknown}
Potions
 j - a potion of curing
 k - 2 potions of cancellation
 o - a potion of might


   Skills:
 + Level 2.2 Fighting
 * Level 4.0 Long Blades
 + Level 1.8 Throwing
 + Level 0.3 Armour
 + Level 3.0 Dodging
 + Level 0.3 Stealth


You had 3 spell levels left.
You didn't know any spells.
Your spell library contained the following spells:

 Spells                   Type           Power      Damage    Failure   Level
 Magic Dart               Conj           0%         1d3       43%         1
 Sting                    Tmut/Pois      0%         1d3       43%         1
 Call Imp                 Summ           0%         N/A       58%         2
 Poisonous Vapours        Pois/Air       0%         N/A       58%         2
 Mephitic Cloud           Conj/Pois/Air  0%         N/A       82%         3
 Olgreb's Toxic Radiance  Pois           0%         N/A       99%         4


Dungeon Overview and Level Annotations

Branches:
Dungeon (3/15)

Altars:
Fedhas
Trog

Shops:
D:2 *

Annotations:
D:3 Natasha


Innate Abilities, Weirdness & Mutations

You have a pair of small antennae on your head.
You are partially covered in large bone plates. (SH +4)
Spells you cast may paralyse adjacent enemies.


Message History

Natasha is almost dead.
Natasha closely misses you.
Natasha mumbles some strange words.
You barely miss Natasha.
Natasha is almost dead.
Natasha drinks a potion.
Natasha is healed!
You hit Natasha.
Natasha is severely wounded.
The iron imp closely misses you. Natasha claws you but does no damage.
You closely miss Natasha.
Natasha is severely wounded.
The iron imp closely misses you. Natasha casts a spell at you.
The magic dart hits you!
You closely miss Natasha.
Natasha is severely wounded.
The iron imp barely misses you. Natasha claws you.
You feel much better. Natasha claws you. The iron imp hits you.
You barely miss Natasha.
Natasha is severely wounded.
Natasha claws you but does no damage. The iron imp closely misses you.
Natasha completely misses you.
You completely miss Natasha.
Natasha is severely wounded.
The iron imp hits you. Natasha claws you.
You barely miss Natasha.
Natasha is severely wounded.
Natasha completely misses you. The iron imp barely misses you.
As you read the scroll of silence, it crumbles to dust.
A profound silence engulfs you. Natasha claws you.
The iron imp closely misses you.
You barely miss Natasha.
Natasha is severely wounded.
Natasha closely misses you. The iron imp closely misses you.
You barely miss Natasha.
Natasha is severely wounded.
Natasha claws you.
* * * LOW HITPOINT WARNING * * *
The iron imp hits you!
You die...

#.#..#'#'###...#
#.#..#.#.# #.#.#
#....#.#.###+#'###
#....#...........#
####+#.####+#.#.......#
#...!.........#.......'
#......###....#.......#
#.....†# ..#.#+#+#..
#.....@####+#.#.#.#.###
.......5h...............
###............#+#.#.###
#................#.###
#..................#..
............#.......#.#
##############.#..........
#.#.. .#.....#####
..#.########+#+#....##


You could see an iron imp (summoned) and Natasha.

Vanquished Creatures
  2 adders
  2 worms
  3 dart slugs
  An orc (D:3)
  2 ball pythons (D:2)
  4 endoplasms
  3 giant cockroaches
  4 goblins
  2 hobgoblins
  7 bats
  7 frilled lizards
  3 kobolds (D:3)
  4 rats
44 creatures vanquished.

Notes
Turn   | Place    | Note
-------+----------+-------------------------------------------
     0 | D:1      | Adrian566 the Demonspawn Gladiator began the quest for the
                  | Orb.
     0 | D:1      | Reached XP level 1. HP: 16/16 MP: 1/1
    97 | D:1      | Upgraded the game from 0.30-a0-739-gea05faddec to
                  | 0.30-a0-857-gcaf70739d4
   561 | D:1      | You fall into a shaft and drop 1 floor!
   596 | D:2      | Reached skill level 3 in Long Blades
   596 | D:2      | Gained mutation: You have a pair of small antennae on your
                  | head. [demonic ancestry]
   596 | D:2      | Reached XP level 2. HP: 22/22 MP: 2/2
   863 | D:2      | Gained mutation: Spells you cast may paralyse adjacent
                  | enemies. [demonic ancestry]
   863 | D:2      | Reached XP level 3. HP: 27/27 MP: 3/3
   887 | D:2      | Found Cinarr's General Store.
   896 | D:2      | Bought a scroll of identify for 20 gold pieces
  1805 | D:3      | Found a blossoming altar of Fedhas.
  1805 | D:3      | Found a bloodstained altar of Trog.
  1814 | D:3      | Reached skill level 4 in Long Blades
  2002 | D:3      | Gained mutation: You are partially covered in large bone
                  | plates. (SH +4) [demonic ancestry]
  2002 | D:3      | Reached XP level 4. HP: 31/33 MP: 4/4
  2028 | D:3      | Noticed Natasha
  2049 | D:3      | Slain by an iron imp

Illustrated notes

Levels and vault maps discovered:
D:1:      dpeg_arrival_rooms_b, layout_basic
D:2:      layout_loops_ring, serial_shops, shop
D:3:      layout_basic, marbit_many_paths, gammafunk_temple_overflow_pools,
          minivault_4, uniq_natasha

Skill      XL: |  1  2  3 |
---------------+----------+-----
Long Blades    | 3 4 |  4.0
Dodging        | 3 |  3.0
Fighting       | |  2.2
Throwing       | |  1.8
Armour         | |  0.3
Stealth        | |  0.3

Action                     |  1- 3 |  4- 6 || total
---------------------------+-------+-------++-------
  Melee: Long sword        |   108 |    19 ||   127
         Punch             |     1 |       ||     1
    Use: Scroll            |     6 |     1 ||     7
         Potion            |     3 |     2 ||     5
   Stab: Sleeping          |     2 |       ||     2
 Armour: Leather armour    |    37 |     3 ||    40
  Dodge: Dodged            |    71 |    13 ||    84
  Block: Other             |       |     1 ||     1

Table legend: (Time is in decaauts)
 A = Elapsed time spent in this place.
 B = Non-inter-level travel time spent in this place.
 C = Inter-level travel time spent in this place.
 D = Time resting spent in this place.
 E = Time spent auto-exploring this place.
 F = Levels seen in this place.
 G = Mean time per level.
                   A        B        C        D        E       F      G
               +--------+--------+--------+--------+--------+-----+--------+
         Total |   2077 |   1988 |     89 |      0 |   1605 |   3 |  692.3 |
       Dungeon |   2077 |   1988 |     89 |      0 |   1605 |   3 |  692.3 |
               +--------+--------+--------+--------+--------+-----+--------+

Top non-repeatable levels by time:
     D:3: 755 daAuts
     D:2: 717 daAuts
     D:1: 603 daAuts
